 Dungeon Crawl Stone Soup version 0.27-a0-1191-g601b473118 (webtiles) character file.

Game seed: 15129809789404494521

6 shoop the Sneak (level 1, -1/18 HPs)
             Began as a Demonspawn Delver on May 23, 2021.
             Succumbed to a scorpion's poison
             ... on level 4 of the Dungeon.
             The game lasted 00:00:48 (65 turns).

shoop the Sneak (Demonspawn Delver)                   Turns: 65, Time: 00:00:49

Health: -1/18      AC:  3    Str: 12    XL:     1   Next: 75%
Magic:  1/1        EV: 11    Int: 11    God:
Gold:   16         SH:  0    Dex: 14    Spells: 0/0 levels left

rFire    . . .     SeeInvis .   a - +0 short sword
rCold    . . .     Faith    .   (no shield)
rNeg     . . .     Spirit   .   b - +0 leather armour
rPois    .         Reflect  .   (no helmet)
rElec    .         Harm     .   (no cloak)
rCorr    .         Rampage  .   (no gloves)
Will     .....                  (no boots)
Stlth    ++........             (no amulet)
HPRegen  0.06/turn              (no ring)
MPRegen  0.07/turn              (no ring)

@: lethally poisoned (-1 -> -9)
A: no striking features
a: no special abilities


You were on level 4 of the Dungeon.
You visited 1 branch of the dungeon, and saw 2 of its levels.

You collected 16 gold pieces.

Inventory:

Hand Weapons
 a - a +0 short sword (weapon)
Missiles
 i - 20 poisoned darts (quivered)
Armour
 b - a +0 leather armour (worn)
Wands
 g - a wand of digging (3)
Scrolls
 c - a scroll of fog
 d - a scroll of magic mapping
 e - a scroll of fear
 h - a scroll of enchant weapon {unknown}
Potions
 f - a potion of haste


   Skills:
 - Level 3.0 Fighting
 - Level 1.7 Short Blades
 + Level 1.1 Throwing
 - Level 1.7 Dodging
 - Level 4.5 Stealth


You couldn't memorise any spells.
You didn't know any spells.
Your spell library contained the following spells:

 Spells                   Type           Power      Damage    Failure   Level
 Magic Dart               Conj           0%         1d3       41%         1
 Searing Ray              Conj           0%         3d3       56%         2
 Dazzling Flash           Conj/Hex       0%         N/A       80%         3
 Fulminant Prism          Conj/Hex       0%         3d6       99%         4
 Iskenderun's Mystic Bla  Conj/Tloc      0%         2d3       99%         4


Dungeon Overview and Level Annotations

Branches:
Dungeon (5/15)
 Temple: D:4-7

Altars:


Message History

You closely miss the jackal. The jackal closely misses you.
You miss the jackal. The jackal closely misses you.
You hit the jackal.
You kill the jackal!
The jackal misses you.
Training target 1.0 for Throwing reached!
Your Throwing skill increases to level 1!
You need to enable at least one skill for training.
You hit the jackal.
The jackal is heavily wounded.
The jackal closely misses you.
You barely miss the jackal.
The jackal is heavily wounded.
The jackal bites you but does no damage.
The jackal closely misses you.
Throw: 23 darts (poison)
Press: ? - help, Q - select action Shift-Dir - straight line, f - scorpion
Aim: a scorpion (59% to hit)
You throw a poisoned dart. The poisoned dart hits the jackal.
The jackal is poisoned.
The jackal is heavily wounded.
The jackal bites you but does no damage.
Throw: 22 darts (poison)
Press: ? - help, Q - select action Shift-Dir - straight line, f/p - scorpion
Aim: a scorpion (59% to hit)
You throw a poisoned dart. The poisoned dart hits the jackal.
The jackal looks even sicker.
The jackal is almost dead.
You kill the jackal!
Throw: 21 darts (poison)
Press: ? - help, Q - select action Shift-Dir - straight line, f/p - scorpion
Aim: a scorpion (59% to hit)
You throw a poisoned dart. The poisoned dart hits the scorpion.
The scorpion is poisoned.
The scorpion stings you!
* * * LOW HITPOINT WARNING * * *
You are lethally poisoned!
The scorpion poisons you!
Okay, then.
You die...

#♣. #.♣♣ ♣...
#..##+#..#
##..##.#..#
#....#.#..### #
#......#.... .#
#......##.####.###.
###+#...).#........
#>......@...?....
####....#.##.#..
#.##.#s# #.##.#.#
#.##.#.# #.......
.....#.. ## ###..
....


You could see a scorpion (poisoned).

Vanquished Creatures
  An endoplasm (D:4)
  3 jackals (D:4)
  A kobold (D:4)
5 creatures vanquished.

Notes
Turn   | Place    | Note
-------+----------+-------------------------------------------
     0 | D:5      | shoop the Demonspawn Delver began the quest for the Orb.
     0 | D:5      | Reached XP level 1. HP: 18/18 MP: 1/1
    18 | D:5      | Noticed an iguana
    52 | D:4      | Noticed a scorpion
    60 | D:4      | Reached skill level 1 in Throwing
    65 | D:4      | Succumbed to a scorpion's poison

Illustrated notes

Levels and vault maps discovered:
D:4:      minmay_spotlight, layout_basic, old_standard_altar, serial_forest,
          infiniplex_forest_straight_2, infiniplex_forest_end_1,
          infiniplex_forest_lined_ring, infiniplex_forest_lined_2,
          infiniplex_forest_end_1, infiniplex_forest_straight_2,
          infiniplex_forest_clump_curved, infiniplex_forest_straight_2,
          infiniplex_forest_straight_1, infiniplex_forest_lined_room_3
D:5:      layout_rooms

Skill      XL: |  1 |
---------------+----+-----
Throwing       | 1 |  1.1
Fighting       | |  3.0
Short Blades   | |  1.7
Dodging        | |  1.7
Stealth        | |  4.5

Action                   || total
-------------------------++-------
Melee: Short sword       ||    14
Throw: Dart              ||     3
 Stab: Sleeping          ||     1
Armor: Leather armour    ||     2
Dodge: Dodged            ||    10

Table legend: (Time is in decaauts)
 A = Elapsed time spent in this place.
 B = Non-inter-level travel time spent in this place.
 C = Inter-level travel time spent in this place.
 D = Time resting spent in this place.
 E = Time spent auto-exploring this place.
 F = Levels seen in this place.
 G = Mean time per level.
                   A        B        C        D        E       F      G
               +--------+--------+--------+--------+--------+-----+--------+
         Total |     64 |     64 |      0 |      0 |     19 |   2 |   32.0 |
       Dungeon |     64 |     64 |      0 |      0 |     19 |   2 |   32.0 |
               +--------+--------+--------+--------+--------+-----+--------+

Top non-repeatable levels by time:
     D:4: 43 daAuts
     D:5: 21 daAuts
